 Dungeon Crawl Stone Soup version 0.32-a0-928-g1cae6b7ea0 (webtiles) character file.

Game seed: 6176975071574569844

3237 PriceMaster the Thaumaturge (level 9, -14/44 HPs)
             Began as a Spriggan Earth Elementalist on Apr 12, 2024.
             Killed from afar by Maggie (25 damage)
             ... with a bolt of fire
             ... on level 8 of the Dungeon.
             The game lasted 00:07:53 (7542 turns).

PriceMaster the Thaumaturge (SpEE)                  Turns: 7542, Time: 00:07:54

Health: -14/44     AC:  6    Str:  4    XL:     9   Next: 66%
Magic:  24/24      EV: 19    Int: 19    God:
Gold:   412        SH:  0    Dex: 17    Spells: 28/29 levels left

rFire   . . .        n - +1 mace (distort)
rCold   . . .        (no shield)
rNeg    . . .        a - +1 robe
rPois   +            (helmet restricted)
rElec   .            p - +2 cloak {rPois}
rCorr   .            (gloves unavailable)
SInv    +            (boots unavailable)
Will    .....        (no amulet)
Stlth   ++++         (no ring)
HPRegen 0.27/turn    (no ring)
MPRegen 0.19/turn

%: no passive effects
@: weak-willed, mesmerised, very quick
A: very small, no large weapons, unfitting armour, see invisible, speed 3
a: no special abilities


You were on level 8 of the Dungeon.
You visited 1 branch of the dungeon, and saw 8 of its levels.

You collected 412 gold pieces.

Inventory:

Hand Weapons
 h - a +0 falchion of electrocution
 m - a +0 trident
 n - a +1 mace of distortion (weapon)
Armour
 a - a +1 robe (worn)
 p - a +2 cloak of poison resistance (worn)
Magical Staves
 r - a staff of conjuration
 w - a staff of fire
Wands
 g - a wand of roots (6)
 t - a wand of flame (14)
 v - a wand of digging (3)
Scrolls
 j - a scroll of blinking
 l - 2 scrolls of teleportation
 u - a scroll of revelation
Potions
 b - a potion of magic
 c - 3 potions of attraction
 d - 4 potions of heal wounds
 k - 2 potions of haste {unknown}
 q - 2 potions of curing
 z - a potion of invisibility {unknown}
Miscellaneous
 s - a lightning rod (inert)
 x - a sack of spiders (inert)


   Skills:
 * Level 3.2 Fighting
 + Level 1.0 Maces & Flails
 * Level 6.2 Dodging
 * Level 6.9 Stealth
 * Level 10.5 Spellcasting
 + Level 0.6 Conjurations
 * Level 7.6 Earth Magic
 + Level 0.3 Evocations


You had 28 spell levels left.
You knew the following spells:

 Your Spells              Type           Power      Damage    Failure   Level
a - Sandblast             Erth           76%        2d16      1%          1

Your spell library contained the following spells:

 Spells                   Type           Power      Damage    Failure   Level
 Passwall                 Erth           38%        N/A       1%          3
 Stone Arrow              Conj/Erth      50%        3d10      4%          3
 Magic Dart               Conj           48%        1d5       5%          1
 Summon Small Mammal      Summ           36%        N/A       7%          1
 Blink                    Tloc           18%        N/A       11%         2
 Call Imp                 Summ           18%        N/A       11%         2
 Brom's Barrelling Bould  Conj/Erth      25%        2d5       13%         4
 Leda's Liquefaction      Alch/Erth      12%        N/A       14%         4
 Petrify                  Alch/Erth      24%        N/A       14%         4
 Hailstorm                Conj/Ice       11%        3d6       19%         3
 Call Canine Familiar     Summ           9%         N/A       22%         3
 Summon Ice Beast         Ice/Summ       9%         N/A       22%         3
 Summon Blazeheart Golem  Fire/Summ      9%         N/A       56%         4
 Metabolic Englaciation   Hex/Ice        4%         N/A       89%         5
 Permafrost Eruption      Ice/Erth       12%        2x4d4     92%         6
 Sculpt Simulacrum        Ice/Alch       4%         N/A       100%        6


Dungeon Overview and Level Annotations

Branches:
Dungeon (8/15)             Temple (0/1) D:6
   Lair: D:8-11

Altars:
Ashenzari
Dithmenos
Elyvilon
Gozag
Okawaru
Ru
Wu Jian
Zin

Shops:
D:2 [

Annotations:
D:4 2 runed translucent doors
D:8 Maggie


Innate Abilities, Weirdness & Mutations

You are very small and have problems with some larger weapons.
You are too small for most types of armour.
You have supernaturally acute eyesight. (SInv)
You cover ground extremely quickly. (Speed+++)


Message History

The ball of steam hits you!
* * * LOW HITPOINT WARNING * * *
Maggie gestures wildly while chanting.
Maggie attempts to bespell you!
You are mesmerised by Maggie!
You cannot move away from Maggie!
Found a white potion.
You cannot move away from Maggie!
You cannot move away from Maggie!
You cannot move away from Maggie!
You cannot move away from Maggie!
You cannot move away from Maggie!
Aiming: Thunderbolt
Press: ? - help, Shift-Dir - straight line, f - Maggie
Aim: Maggie, wielding a +2 scimitar of draining and wearing +2 steam dragon scales (mesmerising)
The thunderbolt hits Maggie!
Maggie is lightly wounded.
Unknown command.
Aiming: Fastroot
Press: ? - help, Shift-Dir - straight line, f/p - Maggie
Aim: Maggie, wielding a +2 scimitar of draining and wearing +2 steam dragon scales (lightly wounded, mesmerising)
The roots erupt in riotous growth!
Roots grab Maggie.
Roots grab the two-headed ogre.
The grasping roots constrict Maggie!
The grasping roots constrict the two-headed ogre.
You hear a loud, deep croak!
Maggie gestures wildly while chanting.
Maggie draws you further into her thrall.
The two-headed ogre struggles to escape constriction.
Aiming: Thunderbolt
Press: ? - help, Shift-Dir - straight line, f/p - Maggie
Aim: Maggie, wielding a +2 scimitar of draining and wearing +2 steam dragon scales (moderately wounded, mesmerising, constricted by roots)
The thunderbolt hits Maggie!
Maggie is heavily wounded.
The lightning rod overheats!
The grasping roots constrict Maggie.
The grasping roots constrict the two-headed ogre!
Maggie gestures at you while chanting. The bolt of fire hits you!!
Ouch! That really hurt!
You die...

......#.#.#...D?............
..... #.#.#.....###.........
..... #.#.###...............
.... ..#...........O.......
.... .####.........@#......
................###
##......#.#.....#
####.............
#..@...##...#. #......# ####
.!.....>.....
........##..... ........#
..... ######### ..... ....
...


You could see Maggie (mesmerising, rooted) and a two-headed ogre (rooted).

Vanquished Creatures
  Eustachio (D:4)
  3 water moccasins
  3 ice beasts
  A black bear (D:5)
  2 sky beasts
  A centaur (D:5)
  A gnoll sergeant (D:8)
  3 scorpions
  11 wights
  A howler monkey (D:6)
  2 bombardier beetles
  2 jellies (D:6)
  Crazy Yiuf (D:3)
  A gnoll bouda (D:6)
  4 hounds
  A sleepcap (D:6)
  3 orc wizards
  Natasha (twice) (D:3)
  4 iguanas
  6 gnolls
  5 adders
  2 shadow imps
  2 white imps
  2 ufetubi (D:7)
  2 dart slugs (D:4)
  3 ribbon worms
  9 orcs
  9 ball pythons
  3 endoplasms
  5 giant cockroaches
  12 goblins
  6 hobgoblins
  6 quokkas
  4 bats
  2 frilled lizards
  8 kobolds
  5 rats
138 creatures vanquished.

Vanquished Creatures (collateral kills)
  A manticore (D:7)
  A scorpion (D:5)
2 creatures vanquished.

Vanquished Creatures (others)
  2 gnolls (D:8)
2 creatures vanquished.

Grand Total: 142 creatures vanquished

Notes
Turn   | Place    | Note
-------+----------+-------------------------------------------
     0 | D:1      | PriceMaster the Spriggan Earth Elementalist began the quest
                  | for the Orb.
     0 | D:1      | Reached XP level 1. HP: 9/9 MP: 5/5
    98 | D:1      | Reached skill level 3 in Spellcasting
   205 | D:1      | Reached XP level 2. HP: 13/13 MP: 5/7
   908 | D:2      | Reached XP level 3. HP: 8/16 MP: 5/9
   982 | D:2      | Reached skill level 4 in Spellcasting
  1207 | D:2      | Found a white marble altar of Elyvilon.
  1310 | D:2      | Found Taar's Antique Armour Shoppe.
  1510 | D:3      | Found an opulent altar of Gozag.
  1578 | D:3      | Reached XP level 4. HP: 21/21 MP: 5/11
  1749 | D:3      | Reached skill level 5 in Spellcasting
  1881 | D:3      | Found a runed translucent door.
  1882 | D:3      | Noticed Crazy Yiuf
  2321 | D:3      | Noticed Natasha
  2328 | D:3      | Killed Natasha
  2329 | D:3      | Reached XP level 5. HP: 24/24 MP: 8/13
  2656 | D:3      | Noticed Natasha
  2662 | D:3      | Killed Natasha
  2702 | D:3      | Killed Crazy Yiuf
  2985 | D:4      | Found a large runed translucent door.
  2985 | D:4      | Found a large runed translucent door.
  3010 | D:4      | Noticed Eustachio
  3067 | D:4      | Killed Eustachio
  3068 | D:4      | Reached skill level 6 in Spellcasting
  3068 | D:4      | Reached XP level 6. HP: 18/29 MP: 8/16
  3178 | D:4      | Found a large runed translucent door.
  3178 | D:4      | Found a large runed translucent door.
  3414 | D:4      | Reached skill level 1 in Fighting
  3653 | D:4      | Found a broken altar of Ashenzari.
  3665 | D:4      | Found a glowing silver altar of Zin.
  3779 | D:4      | Noticed an ice beast
  3786 | D:4      | Killed an ice beast
  3787 | D:4      | Reached XP level 7. HP: 33/33 MP: 15/18
  3952 | D:5      | Entered Level 5 of the Dungeon
  3968 | D:5      | Reached skill level 7 in Spellcasting
  3968 | D:5      | Reached skill level 5 in Earth Magic
  4635 | D:5      | Reached skill level 5 in Stealth
  4635 | D:5      | Reached XP level 8. HP: 37/39 MP: 16/20
  4894 | D:6      | Reached skill level 5 in Dodging
  4894 | D:6      | Reached skill level 8 in Spellcasting
  5155 | D:6      | Found an ornate altar of the Wu Jian Council.
  5263 | D:6      | Found a staircase to the Ecumenical Temple.
  5279 | D:6      | Found an iron altar of Okawaru.
  5919 | D:7      | Reached skill level 9 in Spellcasting
  5962 | D:7      | Found a sacrificial altar of Ru.
  6001 | D:7      | Reached XP level 9. HP: 33/43 MP: 20/23
  6533 | D:7      | Found a shadowy altar of Dithmenos.
  6827 | D:7      | Reached skill level 1 in Maces & Flails
  7048 | D:7      | Noticed a manticore
  7058 | D:7      | Killed a manticore
  7059 | D:7      | Reached skill level 10 in Spellcasting
  7528 | D:8      | Noticed a two-headed ogre
  7530 | D:8      | Noticed Maggie
  7542 | D:8      | Killed from afar by Maggie

Illustrated notes

Levels and vault maps discovered:
D:1:      dpeg_arrival_tiny_d, layout_rooms, nicolae_houndstooth_variations
D:2:      layout_rooms, basic_altar, serial_shops, nicolae_shop_window_shopping
D:3:      layout_basic, grunt_gozag_breadcrumbs, uniq_natasha,
          uniq_crazy_yiuf_cottage
D:4:      layout_loops_cross, mainiacjoe_overflow_large_starburst,
          minmay_hollow_rounded_squares, uniq_eustachio
D:5:      wad_lake_hut, layout_cave_pools
D:6:      layout_basic, okawaru_metal_pillars_1_2,
          nicolae_wu_jian_immortal_techniques,
          minmay_temple_entry_drinking_statues
D:7:      layout_loops_cross, grunt_dithmenos_smoke_and_mirrors,
          hangedman_ru_absence
D:8:      layout_basic, uniq_psyche, uniq_maggie

Skill      XL: |  1  2  3  4  5  6  7  8  9 |
---------------+----------------------------+-----
Spellcasting   | 3 4 5 6 7 9 10 | 10.5
Earth Magic    | 3 4 5 6 7 |  7.6
Dodging        | 3 4 5 6 |  6.2
Stealth        | 4 5 6 |  6.9
Fighting       | 1 2 3 |  3.2
Maces & Flails | 1 |  1.0
Conjurations   | |  0.6
Evocations     | |  0.3

Action                     |  1- 3 |  4- 6 |  7- 9 || total
---------------------------+-------+-------+-------++-------
  Melee: Unarmed           |     4 |       |       ||     4
         Mace              |       |    26 |    45 ||    71
   Cast: Sandblast         |    70 |    75 |   111 ||   256
  Evoke: Sack of spiders   |       |       |     2 ||     2
         Lightning rod     |       |       |     4 ||     4
         Wand              |       |       |     2 ||     2
    Use: Scroll            |       |     6 |     9 ||    15
         Potion            |       |       |     8 ||     8
   Stab: Sleeping          |       |       |     1 ||     1
 Armour: Robe              |    21 |    22 |    50 ||    93
  Dodge: Dodged            |    31 |    62 |   106 ||   199

Table legend: (Time is in decaauts)
 A = Elapsed time spent in this place.
 B = Non-inter-level travel time spent in this place.
 C = Inter-level travel time spent in this place.
 D = Time resting spent in this place.
 E = Time spent auto-exploring this place.
 F = Levels seen in this place.
 G = Mean time per level.
                   A        B        C        D        E       F      G
               +--------+--------+--------+--------+--------+-----+--------+
         Total |   5916 |   5773 |    143 |    847 |   4036 |   8 |  739.5 |
       Dungeon |   5916 |   5773 |    143 |    847 |   4036 |   8 |  739.5 |
               +--------+--------+--------+--------+--------+-----+--------+

Top non-repeatable levels by time:
     D:7: 1415 daAuts
     D:4: 922 daAuts
     D:3: 883 daAuts
     D:6: 792 daAuts
     D:1: 692 daAuts
     D:5: 687 daAuts
     D:2: 500 daAuts
     D:8: 22 daAuts
